 Dungeon Crawl Stone Soup version 0.21.1-1-g345015f (webtiles) character file.

519 buskinjo2 the Cudgeler (level 7, -1/46 HPs)
             Began as an Octopode Fighter on Mar 3, 2018.
             Slain by Pikel
             ... wielding a +2 whip of electrocution
              (17 damage)
             ... on level 6 of the Dungeon.
             The game lasted 00:15:47 (5214 turns).

buskinjo2 the Cudgeler (Octopode Fighter)           Turns: 5214, Time: 00:15:49

Health: -1/46      AC:  1    Str: 22    XL:     7   Next: 21%
Magic:  7/7        EV: 16    Int: 12    God:
Gold:   214        SH:  0    Dex: 12    Spells: 6/6 levels left

rFire    . . .     SeeInvis .   q - +7 quarterstaff "Laesog" {flame, rPois Int+2}
rCold    . . .     Gourm    .   (shield currently unavailable)
rNeg     . . .     Faith    .   (helmet restricted)
rPois    +         Spirit   .   (no amulet)
rElec    .         Reflect  .   h - +2 ring of evasion (curse)
rCorr    .         Harm     .   x - ring of Shadows {Umbra +Inv Stlth+}
MR       .....                  (no ring)
Stlth    ++++++....             (no ring)
HPRegen  0.15/turn              (no ring)
MPRegen  0.10/turn              (no ring)
                                (no ring)
                                (no ring)

@: mighty, wreathed by umbra
A: almost no armour, stealthy swim, amphibious, 8 rings, constrict 8, camouflage
1, gelatinous body 1
a: Evoke Invisibility


You were on level 6 of the Dungeon.
You were hungry.

You visited 1 branch of the dungeon, and saw 6 of its levels.

You collected 214 gold pieces.

Inventory:

Hand Weapons
 a - a +0 flail
 n - a +2 dagger of electrocution
 q - the +7 quarterstaff "Laesog" (weapon) {flame, rPois Int+2}
   (You found it on level 5 of the Dungeon)

   It has been specially enchanted to burn those struck by it, causing extra
   injury to most foes and up to half again as much damage against particularly
   susceptible opponents.
   It affects your intelligence (+2).
   It protects you from poison.
Missiles
 g - 203 stones (quivered)
Armour
 b - a +3 shield
 m - a +0 buckler
Jewellery
 h - a cursed +2 ring of evasion (left tentacle)
 x - the ring of Shadows (right tentacle) {Umbra +Inv Stlth+}
   (You found it on level 5 of the Dungeon)

   [ring of stealth]

   It lets you turn invisible.
   It makes you more stealthy.
Scrolls
 k - a scroll of blinking
 l - 8 scrolls of remove curse
 r - a scroll of enchant armour
 t - 4 scrolls of teleportation
 w - a scroll of fog {unknown}
Potions
 c - 3 potions of might
 e - a potion of magic {unknown}
 f - a potion of ambrosia {unknown}
 i - 3 potions of lignification
 j - a potion of flight {unknown}
 o - a potion of cancellation
 p - a potion of berserk rage
 s - 2 potions of mutation
 v - a potion of curing
Comestibles
 d - 6 rations
 u - 2 chunks of flesh


   Skills:
 - Level 3.0 Fighting
 * Level 7.2 Maces & Flails
 - Level 3.0 Dodging
 - Level 3.5 Stealth
 - Level 3.0 Shields


You had 6 spell levels left.
You didn't know any spells.

Dungeon Overview and Level Annotations

Branches:
Dungeon (6/15)
 Temple: D:4-7

Altars:
Dithmenos
Fedhas
Kikubaaqudgha
Trog
The Shining One

Annotations:
D:4 buskinjo2's ghost, amateur OpFi
D:6 Pikel


Innate Abilities, Weirdness & Mutations

You cannot wear most types of armour.
You are very stealthy in the water. (Stealth+)
You are amphibious.
You can wear up to eight rings at the same time.
You can use your tentacles to constrict eight enemies at once.
Your skin changes colour to match your surroundings (Stealth+).
Your rubbery body absorbs attacks. (AC +1, EV +1)


Message History

Pikel says, "Wow, you'd add a bit of variety to my gang!"
You feel very mighty all of a sudden. Pikel closely misses you.
You barely miss Pikel.
The slave shouts!
You grab Pikel. You constrict Pikel, but do no damage.
Pikel hits you with a whip of electrocution!
You are electrocuted!
The slave shouts!
You thump Pikel! You burn Pikel.
Pikel is moderately wounded.
You constrict Pikel.
Pikel hits you with a whip of electrocution.
You are feeling hungry.
You hit Pikel. You burn Pikel.
Pikel is moderately wounded.
You constrict Pikel.
Pikel hits you with a whip of electrocution!
You are electrocuted!
You die...

########
#>.....#
#......#
#......#
#......#
#>.....###
#........#
#(...@.#.#
#...K..# .#
#....).# ..
###......# ..
#.<...p#####
..
#...p.......
.
#.....<.....
#............
#......###..#


You could see Pikel and 2 slaves.

Vanquished Creatures
  A phantom (D:5)
  A hound (D:5)
  An orc wizard (D:5)
  A gnoll shaman (D:4)
  3 iguanas
  3 worker ants
  A howler monkey skeleton (D:5)
  3 gnolls
  4 adders
  A shadow imp (D:3)
  2 oozes
  A worm (D:3)
  6 leopard geckos
  5 orcs
  8 bats
  8 giant cockroaches
  10 goblins
  6 hobgoblins
  13 jackals
  3 quokkas
  4 ball pythons
  4 kobolds
  2 leopard gecko skeletons (D:5)
  9 rats
100 creatures vanquished.

Notes
Turn   | Place    | Note
-------+----------+-------------------------------------------
     0 | D:1      | buskinjo2 the Octopode Fighter began the quest for the Orb.
     0 | D:1      | Reached XP level 1. HP: 16/16 MP: 1/1
    67 | D:1      | Reached XP level 2. HP: 11/21 MP: 2/2
   286 | D:1      | Reached skill level 3 in Maces & Flails
   599 | D:1      | Reached XP level 3. HP: 26/26 MP: 3/3
  1222 | D:2      | Reached skill level 1 in Stealth
  1231 | D:2      | Reached skill level 4 in Maces & Flails
  1231 | D:2      | Reached XP level 4. HP: 10/31 MP: 4/4
  2072 | D:2      | Found an ancient bone altar of Kikubaaqudgha.
  2072 | D:2      | Found a shadowy altar of Dithmenos.
  2285 | D:3      | Found a glowing golden altar of the Shining One.
  2744 | D:3      | Reached XP level 5. HP: 36/36 MP: 5/5
  3042 | D:4      | Reached skill level 5 in Maces & Flails
  3234 | D:4      | Found a blossoming altar of Fedhas.
  3336 | D:4      | Noticed buskinjo2's ghost (amateur OpFi)
  3523 | D:3      | HP: 1/36 [gnoll/whip (9)]
  3998 | D:4      | Noticed an ogre
  4159 | D:4      | Reached XP level 6. HP: 23/42 MP: 6/6
  4488 | D:5      | Entered Level 5 of the Dungeon
  4494 | D:5      | Reached skill level 6 in Maces & Flails
  4590 | D:5      | Got a twisted quarterstaff
  4616 | D:5      | Identified the +7 quarterstaff "Laesog" {flame, rPois Int+2} (You found it on level 5 of the Dungeon)
  4890 | D:5      | Noticed a phantom
  4938 | D:5      | Found the ring of Shadows {Umbra +Inv Stlth+}
  4945 | D:5      | Killed a phantom
  4945 | D:5      | Reached skill level 7 in Maces & Flails
  4945 | D:5      | Reached XP level 7. HP: 41/46 MP: 7/7
  4956 | D:5      | Found a bloodstained altar of Trog.
  5178 | D:6      | Noticed Pikel
  5214 | D:6      | Slain by Pikel

Skill      XL: |  1  2  3  4  5  6 |
---------------+-------------------+-----
Maces & Flails | 3 4 5 7 |  7.2
Stealth        | 1 2 3 |  3.5
Fighting       | |  3.0
Dodging        | |  3.0
Shields        | |  3.0

Action                   |  1- 3 |  4- 6 |  7- 9 || total
-------------------------+-------+-------+-------++-------
Melee: Flail             |    79 |    56 |       ||   135
       Constrict         |    17 |    36 |     2 ||    55
       Tentacles         |    10 |    26 |     2 ||    38
       Dagger            |       |    50 |       ||    50
       Quarterstaff      |       |    24 |     8 ||    32
Throw: Stone             |       |     1 |       ||     1
  Use: Scroll            |     2 |    10 |     1 ||    13
       Potion            |     1 |     1 |     1 ||     3
 Stab: Sleeping          |     3 |     7 |     1 ||    11
  Eat: Chunk             |     1 |    12 |       ||    13
Armor: Skin              |     8 |    11 |       ||    19
Dodge: Dodged            |    52 |    97 |     5 ||   154
Block: Shield            |    11 |     9 |       ||    20
